 Dungeon Crawl Stone Soup version 0.26-a0-752-gcff87cac9a (webtiles) character file.

Game seed: 4361107399618111322

271 Gargoyl the Skirmisher (level 6, 0/53 HPs)
             Began as a Gnoll Abyssal Knight on Nov 6, 2020.
             Was a Follower of Lugonu.
             Slain by an orc
             ... wielding a +2 short sword of distortion
              (8 damage)
             ... on level 4 of the Dungeon.
             The game lasted 00:03:29 (3154 turns).

Gargoyl the Skirmisher (Gnoll Abyssal Knight)       Turns: 3154, Time: 00:03:30

Health: 0/53       AC: 17    Str: 17    XL:     6   Next: 23%
Magic:  9/9        EV:  8    Int: 14    God:    Lugonu [*.....]
Gold:   148        SH:  0    Dex: 14    Spells: 8/8 levels left

rFire    . . .     SeeInvis .   a - +1 hand axe
rCold    . . .     Faith    .   (no shield)
rNeg     . . .     Spirit   .   q - +0 chain mail
rPois    .         Reflect  .   (no helmet)
rElec    .         Harm     .   r - +2 cloak
rCorr    .         Rampage  .   (no gloves)
MR       .....                  (no boots)
Stlth    ..........             (no amulet)
HPRegen  0.17/turn              d - +4 ring of protection
MPRegen  0.11/turn              e - ring of stealth

@: no status effects
A: distributed training, fangs 1, strong nose
a: Depart the Abyss, Renounce Religion


You were on level 4 of the Dungeon.
You worshipped Lugonu.
Lugonu was aware of your devotion.
You visited 1 branch of the dungeon, and saw 4 of its levels.
You visited the Abyss 1 time.

You collected 148 gold pieces.

Inventory:

Hand Weapons
 a - a +1 hand axe (weapon)
Missiles
 b - 11 poisoned darts (quivered)
Armour
 q - a +0 chain mail (worn)
 r - a +2 cloak (worn)
Jewellery
 d - a +4 ring of protection (left hand)
 e - a ring of stealth (right hand)
Wands
 n - a wand of flame (24)
Scrolls
 f - 2 scrolls of magic mapping
 i - 4 scrolls of teleportation
 m - a scroll of identify
 s - a scroll of remove curse
Potions
 c - a potion of brilliance
 g - 2 potions of heal wounds
 h - 2 potions of lignification
 j - 2 potions of curing
 k - a potion of ambrosia
 l - 2 potions of resistance {unknown}
 o - a potion of haste {unknown}


   Skills:
 + Level 6.8 Fighting
 + Level 1.8 Short Blades
 + Level 1.8 Long Blades
 + Level 4.9 Axes
 + Level 1.8 Maces & Flails
 + Level 1.8 Polearms
 + Level 1.8 Staves
 + Level 1.8 Slings
 + Level 1.8 Bows
 + Level 1.8 Crossbows
 + Level 1.8 Throwing
 + Level 4.9 Armour
 + Level 3.2 Dodging
 + Level 1.8 Stealth
 + Level 1.8 Shields
 + Level 1.8 Unarmed Combat
 + Level 1.8 Spellcasting
 + Level 1.4 Conjurations
 + Level 1.4 Hexes
 + Level 1.4 Summonings
 + Level 1.4 Necromancy
 + Level 1.4 Translocations
 + Level 1.4 Transmutations
 + Level 1.4 Fire Magic
 + Level 1.4 Ice Magic
 + Level 1.4 Air Magic
 + Level 1.4 Earth Magic
 + Level 1.4 Poison Magic
 + Level 5.0 Invocations
 + Level 1.8 Evocations


You had 8 spell levels left.
You didn't know any spells.
Your spell library was empty.

Dungeon Overview and Level Annotations

Branches:
Dungeon (4/15)
 Temple: D:4-7

Altars:


Innate Abilities, Weirdness & Mutations

Your experience applies equally to all skills.
You have very sharp teeth.
Your uncanny sense of smell can sniff out nearby items.


Message History

* * * LOW HITPOINT WARNING * * *
The white imp shouts, "Flee, thou puny nut-hook puttock!"
The orc hits you but does no damage. Space bends around you.
* * * LOW HITPOINT WARNING * * *
The howler monkey skeleton barely misses you.
You closely miss the iguana.
The iguana is almost dead.
You hit the howler monkey skeleton.
You destroy the howler monkey skeleton!
Lugonu accepts your kill.
You hit the orc.
The iguana bites you but does no damage.
The orc hits you but does no damage. Space bends around you.
* * * LOW HITPOINT WARNING * * *
You hit the iguana.
You kill the iguana!
Lugonu accepts your kill.
You hit the orc but do no damage. The orc hits you but does no damage.
Space warps horribly around you!
You die...

#............# ∆
#............#
#............#
#...5........#
#............#
#............#
#.....o......#
#.....@.[....#
##'###########
#.###################
#...................#
###################.#
#.## #..#... #..####
#..##..


You could see a white imp and an orc.

Vanquished Creatures
  An orc priest (D:3)
  An orc wizard (D:3)
  Jessica (D:2)
  An iguana (D:4)
  3 gnolls (D:3)
  A howler monkey skeleton (D:4)
  6 adders
  2 oozes (D:1)
  2 dart slugs (D:1)
  A leopard gecko (D:3)
  6 orcs
  A giant cockroach (D:3)
  5 hobgoblins
  3 jackals (D:3)
  6 kobolds
  2 quokkas
  4 bats
  A frilled lizard (D:2)
  5 goblins
  9 rats
61 creatures vanquished.

Notes
Turn   | Place    | Note
-------+----------+-------------------------------------------
     0 | Abyss:1  | Gargoyl the Gnoll Abyssal Knight began the quest for the
                  | Orb.
     0 | Abyss:1  | Reached XP level 1. HP: 23/23 MP: 3/3
    52 | Abyss:1  | Noticed an apocalypse crab
    95 | Abyss:1  | Noticed a small abomination
   109 | D:1      | Escaped the Abyss
   313 | D:1      | Reached XP level 2. HP: 26/29 MP: 5/5
   694 | D:1      | Reached XP level 3. HP: 34/35 MP: 6/6
   772 | D:1      | Reached * piety under Lugonu
  1570 | D:2      | Noticed Jessica
  1575 | D:2      | Killed Jessica
  1575 | D:2      | Reached skill level 1 in Short Blades
  1575 | D:2      | Reached skill level 1 in Long Blades
  1575 | D:2      | Reached skill level 1 in Maces & Flails
  1575 | D:2      | Reached skill level 1 in Polearms
  1575 | D:2      | Reached skill level 1 in Staves
  1575 | D:2      | Reached skill level 1 in Slings
  1575 | D:2      | Reached skill level 1 in Bows
  1575 | D:2      | Reached skill level 1 in Crossbows
  1575 | D:2      | Reached skill level 1 in Throwing
  1575 | D:2      | Reached skill level 1 in Stealth
  1575 | D:2      | Reached skill level 1 in Shields
  1575 | D:2      | Reached skill level 1 in Unarmed Combat
  1575 | D:2      | Reached skill level 1 in Spellcasting
  1575 | D:2      | Reached skill level 1 in Evocations
  1575 | D:2      | Reached XP level 4. HP: 41/41 MP: 7/7
  2370 | D:3      | Reached skill level 1 in Conjurations
  2370 | D:3      | Reached skill level 1 in Hexes
  2370 | D:3      | Reached skill level 1 in Summonings
  2370 | D:3      | Reached skill level 1 in Necromancy
  2370 | D:3      | Reached skill level 1 in Translocations
  2370 | D:3      | Reached skill level 1 in Transmutations
  2370 | D:3      | Reached skill level 1 in Fire Magic
  2370 | D:3      | Reached skill level 1 in Ice Magic
  2370 | D:3      | Reached skill level 1 in Air Magic
  2370 | D:3      | Reached skill level 1 in Earth Magic
  2370 | D:3      | Reached skill level 1 in Poison Magic
  2401 | D:3      | Reached XP level 5. HP: 31/47 MP: 8/8
  2643 | D:3      | Reached skill level 5 in Invocations
  2658 | D:3      | Reached XP level 6. HP: 23/53 MP: 9/9
  3154 | D:4      | Slain by an orc

Illustrated notes

Levels and vault maps discovered:
D:1:      onia_arrival_handbag, layout_basic, minmay_misc_feat_tiny
D:2:      layout_basic, uniq_jessica
D:3:      layout_rooms
D:4:      layout_basic, grunt_temple_overflow_forces_of_nature,
          marbit_many_paths, gammafunk_ghost_necromancy

Skill      XL: |  1  2  3  4  5 |
---------------+----------------+-----
Short Blades   | 1 |  1.8
Long Blades    | 1 |  1.8
Maces & Flails | 1 |  1.8
Polearms       | 1 |  1.8
Staves         | 1 |  1.8
Slings         | 1 |  1.8
Bows           | 1 |  1.8
Crossbows      | 1 |  1.8
Throwing       | 1 |  1.8
Stealth        | 1 |  1.8
Shields        | 1 |  1.8
Unarmed Combat | 1 |  1.8
Spellcasting   | 1 |  1.8
Evocations     | 1 |  1.8
Conjurations   | 1 |  1.4
Hexes          | 1 |  1.4
Summonings     | 1 |  1.4
Necromancy     | 1 |  1.4
Translocations | 1 |  1.4
Transmutations | 1 |  1.4
Fire Magic     | 1 |  1.4
Ice Magic      | 1 |  1.4
Air Magic      | 1 |  1.4
Earth Magic    | 1 |  1.4
Poison Magic   | 1 |  1.4
Dodging        | 3 |  3.2
Invocations    | 5 |  5.0
Fighting       | |  6.8
Axes           | |  4.9
Armour         | |  4.9

Action                   |  1- 3 |  4- 6 || total
-------------------------+-------+-------++-------
Melee: Hand axe          |    75 |   134 ||   209
       Bite              |     6 |    16 ||    22
       Punch             |       |     3 ||     3
Throw: Dart              |       |     4 ||     4
Invok: Depart the Abyss  |     1 |       ||     1
  Use: Potion            |     1 |       ||     1
       Scroll            |     2 |     6 ||     8
 Stab: Sleeping          |     3 |     1 ||     4
Armor: Leather armour    |    26 |     2 ||    28
       Chain mail        |       |   120 ||   120
Dodge: Dodged            |    50 |    74 ||   124

Table legend: (Time is in decaauts)
 A = Elapsed time spent in this place.
 B = Non-inter-level travel time spent in this place.
 C = Inter-level travel time spent in this place.
 D = Time resting spent in this place.
 E = Time spent auto-exploring this place.
 F = Levels seen in this place.
 G = Mean time per level.
                   A        B        C        D        E       F      G
               +--------+--------+--------+--------+--------+-----+--------+
         Total |   3165 |   3101 |     64 |      0 |   2498 |   5 |  633.0 |
       Dungeon |   3057 |   2993 |     64 |      0 |   2410 |   4 |  764.2 |
         Abyss |    108 |    108 |      0 |      0 |     88 |   1 |  108.0 |
               +--------+--------+--------+--------+--------+-----+--------+

Top non-repeatable levels by time:
     D:1: 1341 daAuts
     D:2: 861 daAuts
     D:3: 735 daAuts
     D:4: 118 daAuts
 Abyss:1: 108 daAuts
